 Dungeon Crawl Stone Soup version 0.32-a0-643-ga006e7742e (webtiles) character file.

Game seed: 10464785292755208230

339 ShangFenghuang the Firebug (level 6, -3/50 HPs)
             Began as a Mountain Dwarf Fire Elementalist on Mar 7, 2024.
             Was an Initiate of Vehumet.
             Slain by an iguana (4 damage)
             ... on level 5 of the Dungeon.
             The game lasted 00:21:19 (8404 turns).

ShangFenghuang the Firebug (MDFE)                   Turns: 8404, Time: 00:21:20

Health: -3/50      AC:  6    Str: 11    XL:     6   Next: 29%
Magic:  10/10      EV: 11    Int: 17    God:    Vehumet [......]
Gold:   116        SH:  0    Dex: 10    Spells: 7/10 levels left

rFire   + . .        p - +1 hand axe
rCold   + . .        (no shield)
rNeg    . . .        a - +0 robe
rPois   .            (no helmet)
rElec   .            v - scarf {rC+ rF+}
rCorr   .            (no gloves)
SInv    .            (no boots)
Will    .....        r - amulet of magic regeneration
Stlth   ++           y - +4 ring of protection
HPRegen 0.28/turn    (no ring)
MPRegen 0.52/turn

%: no passive effects
@: lethally poisoned (-3 -> -5), about to teleport, slowed, very slow
A: runic magic, artefact enchanting
a: Renounce Religion


You were on level 5 of the Dungeon.
You worshipped Vehumet.
Vehumet was noncommittal.
You visited 1 branch of the dungeon, and saw 5 of its levels.

You collected 116 gold pieces.

Inventory:

Hand Weapons
 c - a +0 dagger
 d - a +0 short sword
 f - a +0 club
 i - a +0 rapier
 j - a +0 mace
 n - a +2 heavy spear
 p - a +1 hand axe (weapon)
 D - a +1 rapier of distortion
Missiles
 k - 10 poisoned darts
 z - 4 atropa-tipped darts
 C - 2 throwing nets
Armour
 a - a +0 robe (worn)
 h - a +0 leather armour
 q - an orb of energy
 u - a +0 scale mail
 v - a scarf of resistance (worn)
 B - a +0 cloak
 F - a +0 plate armour
Magical Staves
 E - a staff of cold
Jewellery
 r - an amulet of magic regeneration (around neck)
 y - a +4 ring of protection (left hand)
 A - a ring of ice
Scrolls
 e - a scroll of revelation {unknown}
 l - a scroll of silence
 o - a scroll of fog
 s - a scroll of enchant weapon
 t - a scroll of identify
 G - a scroll of enchant armour {unknown}
Potions
 b - a potion of magic
 m - a potion of mutation
 w - a potion of might
 x - a potion of cancellation


   Skills:
 + Level 2.9 Fighting
 - Level 1.3 Dodging
 - Level 1.4 Stealth
 + Level 2.9 Spellcasting
 + Level 2.6 Conjurations
 * Level 6.1 Fire Magic


You had 7 spell levels left.
You knew the following spells:

 Your Spells              Type           Power      Damage    Failure   Level
a - Foxfire               Conj/Fire      68%        2x1d7     3%          1
b - Scorch                Fire           46%        2d6       2%          2

Your spell library contained the following spells:

 Spells                   Type           Power      Damage    Failure   Level
 Shock                    Conj/Air       24%        1d4       11%         1
 Inner Flame              Hex/Fire       12%        N/A       16%         3
 Volatile Blastmotes      Fire/Tloc      24%        2d12      16%         3
 Flame Wave               Conj/Fire      17%        2d7       28%         4
 Dazzling Flash           Conj/Hex       12%        N/A       30%         3
 Call Canine Familiar     Summ           2%         N/A       47%         3
 Sigil of Binding         Hex            2%         N/A       47%         3
 Swiftness                Air            2%         N/A       47%         3
 Airstrike                Air            1%         2d(1-17)  87%         4
 Dimensional Bullseye     Hex/Tloc       1%         N/A       87%         4
 Starburst                Conj/Fire      8%         6d4       99%         6
 Maxwell's Capacitive Co  Air            1%         ∞         100%        8


Dungeon Overview and Level Annotations

Branches:
Dungeon (5/15)
 Temple: D:4-7

Altars:
Dithmenos
Elyvilon
Fedhas
Kikubaaqudgha
Nemelex Xobeh
Uskayaw
Vehumet

Annotations:
D:3 2 transporters, 1 runed translucent door, hgbash's ghost, amateur DrSh


Innate Abilities, Weirdness & Mutations

Your spellcasting is much less encumbered by armour.
You can use scrolls of enchantment on lesser artefacts.


Message History

The gnoll zaps a wand.
The bolt of dispelling energy hits you!
You feel strangely stable.
Your magical effects are unravelling.
* * * LOW HITPOINT WARNING * * *
A gnoll comes into view. It is wielding a +0 spear.
You feel better.
You feel yourself speed up.
The gnoll shouts!
Your foxfire dissipates!
The gnoll zaps a wand.
The bolt of dispelling energy misses you.
As you read the scroll of teleportation, it crumbles to dust.
You feel strangely unstable.
The gnoll throws a curare-tipped dart.
The curare-tipped dart hits you.
You are poisoned.
You have difficulty breathing.
* * * LOW HITPOINT WARNING * * *
You feel yourself slow down.
Your surroundings suddenly seem different.
An iguana, a phantom, 4 jackals and an adder come into view.
Found a beast talisman, 2 poisoned darts and 9 gold pieces.
You feel very sick.
The jackal barks!
The adder hisses angrily.
The jackal barks!
The iguana hisses angrily.
The iguana bites you but does no damage.
As you read the scroll of teleportation, it crumbles to dust.
You feel strangely unstable.
You feel sick. The adder barely misses you. The phantom hits you.
* * * LOW HITPOINT WARNING * * *
The iguana bites you.
* * * LOW HITPOINT WARNING * * *
There are monsters nearby!
Unknown command.
* * * LOW HITPOINT WARNING * * *
You feel sick.
The jackal barks!
The jackal bites you.
* * * LOW HITPOINT WARNING * * *
The iguana bites you.
You die...

##.....# #....##
##......# # #....#
#.......## ## #...##
##........# .##
#.....###.........##
..## ..
..........(...#
...#..#
##...........#
...#.#
#.....l......# ....#
#....@SW...h.#
....##
#......hh.....#
.....#
###...%h.....##
....## ###........#
...## ####..$.##
.### ##### ##


You could see a phantom, an iguana, an adder and 4 jackals.

Vanquished Creatures
  2 bombardier beetles
  A human zombie (D:4)
  An iguana (D:5)
  A sleepcap (D:5)
  3 hound skeletons (D:4)
  A howler monkey zombie (D:4)
  3 adders
  4 gnolls (D:4)
  An adder skeleton (D:4)
  A dart slug (D:2)
  5 orcs
  6 bats
  9 endoplasms
  2 giant cockroaches
  7 goblins
  2 hobgoblins
  A jackal (D:4)
  3 ball pythons
  7 frilled lizards
  5 kobolds
  4 rats
69 creatures vanquished.

Vanquished Creatures (others)
  188 foxfires
188 creatures vanquished.

Grand Total: 257 creatures vanquished

Notes
Turn   | Place    | Note
-------+----------+-------------------------------------------
     0 | D:1      | ShangFenghuang the Mountain Dwarf Fire Elementalist began
                  | the quest for the Orb.
     0 | D:1      | Reached XP level 1. HP: 14/14 MP: 3/3
   310 | D:1      | Reached skill level 1 in Conjurations
   876 | D:1      | Reached XP level 2. HP: 22/22 MP: 2/4
   949 | D:1      | Reached skill level 4 in Fire Magic
  1241 | D:1      | You fall into a shaft and drop 1 floor!
  1614 | D:2      | Reached skill level 1 in Fighting
  2143 | D:2      | Reached XP level 3. HP: 28/28 MP: 4/6
  3891 | D:3      | Found a transporter.
  3891 | D:3      | Found a white marble altar of Elyvilon.
  3916 | D:3      | Reached XP level 4. HP: 24/36 MP: 4/7
  4578 | D:3      | Found a blossoming altar of Fedhas.
  4840 | D:3      | Found a sparkling altar of Nemelex Xobeh.
  5000 | D:3      | Found a shadowy altar of Dithmenos.
  5144 | D:3      | Found a runed translucent door.
  5145 | D:3      | Noticed hgbash's ghost (amateur DrSh)
  5433 | D:3      | Found a transporter.
  5736 | D:4      | Found a hide-covered altar of Uskayaw.
  6023 | D:4      | Found a radiant altar of Vehumet.
  6027 | D:4      | Became a worshipper of Vehumet
  6083 | D:4      | Learned a level 2 spell: Scorch
  6206 | D:4      | Reached skill level 5 in Fire Magic
  6206 | D:4      | Reached XP level 5. HP: 41/41 MP: 3/8
  7197 | D:4      | Found an ancient bone altar of Kikubaaqudgha.
  7357 | D:4      | Reached XP level 6. HP: 37/50 MP: 2/10
  7716 | D:5      | Entered Level 5 of the Dungeon
  8051 | D:5      | Reached skill level 6 in Fire Magic
  8404 | D:5      | HP: 1/50 [jackal (2)]
  8404 | D:5      | Slain by an iguana

Illustrated notes

Levels and vault maps discovered:
D:1:      saegor_arrival_simple_d, layout_basic, hangedman_decor_push
D:2:      minmay_chambers_of_ones, layout_loops_ring
D:3:      layout_loops_ring, old_standard_altar, elyvilon_altar_4,
          mainiacjoe_overflow_catch_the_wave, ebering_ghost_inner_flame
D:4:      layout_basic, mainiacjoe_overflow_surrounded_room,
          mainiacjoe_overflow_24_doors, lemuel_mausoleum_altar_kikubaaqudgha
D:5:      layout_cave_pods, zin_purify, mainiacjoe_overflow_big_doors,
          nicolae_ru_path_of_blood

Skill      XL: |  1  2  3  4  5  6 |
---------------+-------------------+-----
Conjurations   | 1 2 |  2.6
Fire Magic     | 4 5 6 |  6.1
Spellcasting   | 2 |  2.9
Fighting       | 1 2 |  2.9
Dodging        | |  1.3
Stealth        | |  1.4

Action                     |  1- 3 |  4- 6 || total
---------------------------+-------+-------++-------
  Melee: Unarmed           |     2 |       ||     2
         Mace              |     4 |       ||     4
         Hand axe          |    13 |    41 ||    54
         Club              |     2 |       ||     2
         Dagger            |     2 |       ||     2
   Cast: Foxfire           |    48 |    64 ||   112
         Scorch            |       |    14 ||    14
    Use: Scroll            |     4 |     9 ||    13
         Potion            |     2 |     2 ||     4
 Armour: Robe              |    21 |    35 ||    56
         Leather armour    |     2 |     2 ||     4
  Dodge: Dodged            |    20 |    23 ||    43

Table legend: (Time is in decaauts)
 A = Elapsed time spent in this place.
 B = Non-inter-level travel time spent in this place.
 C = Inter-level travel time spent in this place.
 D = Time resting spent in this place.
 E = Time spent auto-exploring this place.
 F = Levels seen in this place.
 G = Mean time per level.
                   A        B        C        D        E       F      G
               +--------+--------+--------+--------+--------+-----+--------+
         Total |   8442 |   8222 |    220 |   4240 |   2577 |   5 | 1688.4 |
       Dungeon |   8442 |   8222 |    220 |   4240 |   2577 |   5 | 1688.4 |
               +--------+--------+--------+--------+--------+-----+--------+

Top non-repeatable levels by time:
     D:1: 2401 daAuts
     D:4: 2091 daAuts
     D:3: 1785 daAuts
     D:2: 1495 daAuts
     D:5: 668 daAuts
